Map: Lerilak Crest

Players

Soundwave

  • Race: Zerg Zerg

A.I. 1 (Very Hard) - Winner!

  • Race: Terran Terran

VOD

Have the link to the VOD?

Description

Time

  • Played on: Nov. 16, 2015, 1:36 p.m.
  • Length: 14:36
Show
View Real Time Build Order
Export as new Build Order

Soundwave Zerg 

Build Orders: Hatch First, Lurkers 

Get SALT Encoding   

  12  0:02  Drone  
  13  0:09  Drone  
  14  0:16  Overlord  
  14  0:35  Drone x2  
  16  0:57  Hatchery  
  15  1:06  Spawning Pool  
  15  1:08  Drone  
  15  1:27  Drone x3  
  15  1:30  Extractor  
  17  1:39  Overlord  
  17  1:48  Drone  
  18  2:01  Zergling x2  
  19  2:09  Drone  
  19  2:10  Queen  
  19  2:12  Queen  
  24  2:17  Drone  
  24  2:22  Overlord  
  25  2:26  Drone  
  26  2:42  Overlord x4  
  26  2:52  Lair  
  26  2:56  Drone, Extractor  
  27  2:58  Drone  
  27  3:06  Metabolic Boost  
  27  3:11  Drone x2  
  29  3:23  Evolution Chamber  
  29  3:24  Evolution Chamber  
  27  3:36  Drone x2  
  27  3:37  Drone x3  
  32  3:50  Zerg Ground Armor Level 1  
  32  4:04  Zerg Melee Weapons Level 1  
  32  4:05  Zergling x8  
  32  4:06  Zergling x2  
  37  4:16  Drone  
  37  4:17  Drone x3  
  40  4:18  Drone  
  41  4:41  Roach Warren  
  40  4:58  Drone  
  40  4:59  Drone x2  
  44  5:00  Drone x6  
  44  5:01  Drone  
  44  5:05  Hatchery, Overlord  
  49  5:19  Drone x5  
  54  5:31  Extractor x2  
  54  5:34  Roach  
  54  5:35  Roach x3  
  60  5:46  Hydralisk Den  
  59  5:50  Spore Crawler, Infestation Pit  
  59  5:53  Spore Crawler  
  59  5:54  Drone x3  
  59  5:56  Drone  
  60  6:03  Queen  
  62  6:07  Zergling x2  
  62  6:08  Zergling x10  
  68  6:22  Spore Crawler, Queen  
  68  6:24  Drone x3  
  68  6:25  Drone  
  73  6:26  Overlord  
  73  6:30  Zerg Melee Weapons Level 2  
  73  6:39  Zerg Ground Armor Level 2  
  73  6:55  Drone x6  
  73  6:56  Drone  
  73  6:57  Overlord  
  73  6:59  Overseer  
  79  7:31  Hatchery  
  78  7:43  Hydralisk x6  
  78  7:44  Hydralisk x6  
  80  7:49  Overlord x4  
  96  8:04  Spine Crawler  
  95  8:07  Hydralisk x4  
  95  8:08  Hydralisk  
  95  8:09  Spine Crawler  
  104  8:15  Muscular Augments  
  104  8:19  Zergling x4  
  107  8:20  Zergling x8  
  110  8:50  Hydralisk x2  
  110  8:51  Hydralisk x7  
  128  8:56  Overlord x3  
  128  8:59  Zerg Missile Weapons Level 1  
  128  9:01  Glial Reconstitution  
  128  9:18  Zergling x12  
  128  9:19  Zergling x10  
  128  9:21  Hive  
  139  9:25  Lurker Den  
  139  9:37  Drone x6  
  139  9:38  Drone  
  146  9:43  Drone x3  
  149  9:50  Drone x3, Extractor x2  
  150  9:53  Drone x3  
  153  10:13  Extractor  
  152  10:14  Hydralisk x3, Extractor  
  152  10:15  Hydralisk  
  152  10:17  Overlord x3  
  152  10:18  Overlord x4  
  152  10:20  Overseer  
  159  10:42  Queen  
  161  10:52  Hatchery  
  160  10:59  Tunneling Claws  
  160  11:00  Ultralisk Cavern  
  160  11:01  Zerg Melee Weapons Level 3  
  160  11:02  Zerg Ground Armor Level 3  
  159  11:04  Adrenal Glands  
  159  11:05  Zergling x4  
  159  11:06  Zergling x10  
  166  11:17  Lurker x3  
  169  11:19  Zergling x2  
  169  11:20  Zergling x14  
  169  11:21  Zergling x2  
  178  11:31  Lurker x2  
  178  11:32  Lurker  
  181  11:38  Lurker  
  140  11:54  Zergling x2  
  140  11:55  Zergling x14  
  140  11:56  Zergling x12  
  140  11:57  Zergling x14  
  140  11:58  Zergling x12  
  97  12:15  Queen  
  96  12:22  Hydralisk  
  96  12:23  Hydralisk x3  
  96  12:24  Viper x3  
  91  12:46  Zergling x10  
  91  12:47  Zergling x14  
  91  12:48  Zergling x14  
  91  12:49  Zergling x2  
  103  13:11  Viper  
  103  13:12  Ultralisk  
  108  13:13  Ultralisk x2  
  108  13:17  Zergling x10  
  98  13:40  Hydralisk x2  
  98  13:41  Hydralisk  
  101  13:42  Ultralisk  
  101  13:44  Zergling x2  
  101  13:45  Zergling x12  
  112  13:53  Hydralisk x3  
  112  13:54  Hydralisk x3  
  99  14:06  Zergling x8  
  99  14:07  Zergling x12  
Show
View Real Time Build Order
Export as new Build Order

A.I. 1 (Very Hard) Terran - Winner!

Build Orders: Mech 

Get SALT Encoding   

  12  0:00  SCV  
  13  0:13  SCV  
  14  0:19  Supply Depot  
  14  0:25  SCV  
  15  0:30  Refinery  
  15  0:40  SCV  
  16  0:48  Barracks  
  16  0:52  SCV  
  17  1:04  SCV  
  17  1:08  Supply Depot  
  18  1:16  SCV  
  19  1:29  SCV  
  20  1:36  Marine  
  21  1:41  Factory  
  21  1:43  SCV  
  21  1:45  Barracks  
  22  1:54  Marine  
  22  1:55  SCV  
  22  2:00  Supply Depot  
  24  2:08  SCV  
  25  2:12  Marine  
  26  2:20  SCV  
  27  2:27  Factory Tech Lab  
  27  2:30  Marine  
  27  2:32  SCV, Marine  
  30  2:44  SCV  
  30  2:47  Siege Tank  
  34  2:59  Command Center  
  34  3:07  Orbital Command  
  34  3:13  Refinery  
  34  3:31  Marine  
  34  3:32  Factory  
  35  3:34  Marine  
  35  3:37  SCV  
  37  3:49  SCV  
  38  4:02  SCV  
  39  4:04  Supply Depot  
  39  4:10  SCV  
  39  4:14  SCV  
  39  4:15  Factory Tech Lab  
  41  4:22  SCV  
  41  4:23  Siege Tank  
  45  4:26  SCV  
  46  4:34  SCV, Siege Tank  
  46  4:38  Supply Depot, Marine, SCV  
  52  4:46  SCV  
  52  4:50  SCV  
  52  4:51  Supply Depot  
  53  4:58  Siege Tank  
  53  4:59  SCV  
  57  5:02  SCV  
  57  5:06  Hellion  
  60  5:10  Refinery  
  60  5:11  SCV  
  60  5:14  SCV, Refinery  
  60  5:15  Barracks Tech Lab  
  61  5:23  SCV  
  61  5:26  SCV, Factory  
  61  5:28  Hellion  
  65  5:31  Hellion  
  65  5:33  Supply Depot  
  65  5:35  SCV  
  68  5:38  SCV  
  69  5:45  Infernal Pre-Igniter  
  69  5:47  SCV  
  69  5:49  Siege Tank  
  73  5:50  SCV  
  73  5:52  Hellion  
  76  5:59  SCV  
  76  6:00  Supply Depot  
  76  6:03  SCV  
  78  6:11  SCV  
  78  6:14  Hellion x2  
  78  6:15  SCV  
  84  6:18  Command Center  
  84  6:21  Siege Tank  
  84  6:23  SCV  
  84  6:24  Supply Depot  
  88  6:27  SCV  
  89  6:35  SCV  
  89  6:37  Armory  
  90  6:49  Supply Depot  
  90  6:54  Armory  
  90  6:57  Orbital Command  
  90  7:02  Engineering Bay  
  90  7:08  Factory Tech Lab  
  90  7:12  Siege Tank  
  93  7:18  Supply Depot  
  93  7:20  Siege Tank  
  96  7:24  Terran Vehicle And Ship Armor Level 1  
  96  7:26  Thor  
  102  7:30  Missile Turret  
  102  7:31  SCV x3, Missile Turret  
  105  7:42  Terran Vehicle Weapons Level 1  
  105  7:43  SCV x3  
  105  7:44  Widow Mine  
  110  7:51  Thor  
  110  7:52  Missile Turret  
  110  7:55  SCV  
  110  7:56  SCV, Missile Turret, Orbital Command  
  117  8:02  Supply Depot  
  117  8:04  Marauder  
  119  8:07  SCV  
  119  8:08  SCV  
  121  8:19  SCV  
  122  8:20  SCV  
  122  8:21  SCV  
  122  8:23  Thor  
  122  8:25  Marauder  
  132  8:27  Supply Depot  
  132  8:33  Thor  
  138  8:39  Missile Turret  
  138  8:40  Widow Mine  
  140  8:49  Refinery, Marauder  
  140  8:54  Starport  
  142  8:57  Supply Depot  
  142  8:58  Refinery  
  142  9:00  Missile Turret  
  142  9:07  Barracks  
  142  9:11  SCV  
  142  9:12  SCV x2  
  142  9:14  Command Center  
  142  9:16  Barracks Reactor  
  145  9:20  Supply Depot  
  145  9:21  Missile Turret  
  145  9:23  SCV  
  146  9:24  SCV  
  146  9:25  SCV  
  146  9:26  Hi-Sec Auto Tracking  
  148  9:31  Medivac  
  148  9:34  Starport  
  150  9:42  Terran Vehicle Weapons Level 2  
  150  9:45  Supply Depot  
  150  9:53  Hellion, Barracks Tech Lab  
  150  9:57  Barracks  
  150  9:59  Hellion  
  154  10:03  Engineering Bay, Starport Tech Lab  
  154  10:04  Hellion  
  156  10:09  Supply Depot  
  156  10:10  Medivac  
  158  10:15  Hellion  
  158  10:19  Factory  
  158  10:20  Cyclone  
  163  10:21  Missile Turret  
  163  10:22  Medivac  
  163  10:23  Building Armor  
  165  10:30  Refinery  
  165  10:37  Refinery  
  165  10:39  Marine  
  165  10:40  Medivac  
  168  10:43  Command Center  
  168  10:52  Raven  
  168  10:53  Terran Infantry Weapons Level 1  
  168  10:55  Supply Depot  
  168  10:56  Marine x2  
  172  10:58  Marine  
  172  10:59  Stimpack  
  172  11:03  Missile Turret  
  173  11:06  Marine  
  173  11:07  Marine  
  173  11:10  Medivac  
  177  11:14  Marine  
  177  11:15  Marine  
  177  11:18  Planetary Fortress  
  179  11:19  Missile Turret  
  179  11:21  Missile Turret  
  179  11:23  Missile Turret  
  179  11:30  Cyclone  
  182  11:35  Raven  
  182  11:39  Hellion  
  190  11:40  Hellion x2  
  190  11:44  Viking, Missile Turret  
  190  11:46  Marauder  
  189  11:52  Marine x2  
  189  11:53  Marine  
  170  11:54  Marine  
  170  11:58  Refinery  
  170  12:00  Thor  
  170  12:01  Hellion x2  
  153  12:03  Siege Tank  
  153  12:07  Refinery, Marine  
  139  12:10  Marine x2  
  141  12:17  Combat Shields, Raven  
  141  12:18  Planetary Fortress  
  141  12:21  Missile Turret  
  141  12:22  Hellion  
  147  12:23  Hellion, Missile Turret  
  147  12:25  Missile Turret  
  147  12:34  Marine  
  147  12:35  Hellion, Marauder x2  
  151  12:43  Command Center, Hellion, Siege Tank  
  147  12:44  Hellion  
  142  12:56  Hellion, Marauder  
  142  12:57  Marauder  
  142  13:00  Raven  
  142  13:04  Widow Mine, Marine  
  142  13:05  Thor, Marine  
  154  13:10  Viking  
  150  13:16  Siege Tank  
  150  13:17  Cyclone  
  149  13:24  Marine  
  149  13:25  Marine  
  151  13:27  Marine  
  151  13:28  Marine  
  151  13:29  Marine  
  151  13:33  Widow Mine  
  156  13:40  Viking  
  158  13:42  Marine  
  158  13:44  Marauder  
  158  13:45  Marine  
  158  13:46  Viking  
  158  13:47  Widow Mine  
  158  13:48  Cyclone  
  169  13:49  Siege Tank  
  172  13:56  Planetary Fortress  
  172  14:02  Hellion  
  170  14:07  Missile Turret  
  170  14:09  Missile Turret  
  166  14:11  Missile Turret  
  176  14:30  Refinery  
  174  14:35  Refinery  
Tags
 
Composition
LurkersMech
Matchup
TvZ
Replay Pack
First Pack
Add a new tag
Caveats
  • Supply blocks, unpowered buildings, or Contaminate may cause inaccurate times.
  • Supply counts are checked every 10 seconds.